 Dungeon Crawl Stone Soup version 0.19-a0-994-g3c636f0 (webtiles) character file.

224377 Drakanon the Shatterer (level 19, -15/214 HPs)
             Began as an Ogre Wizard on July 16, 2016.
             Was an Initiate of Gozag.
             Demolished by an eight-headed hydra (18 damage)
             ... summoned by Bai Suzhen
             ... on level 4 of the Snake Pit on July 17, 2016.
             The game lasted 03:40:01 (59513 turns).

Drakanon the Shatterer (Ogre Wizard)               Turns: 59513, Time: 03:40:02

Health: -15/214    AC:  7    Str: 17    XL:     19   Next: 29%
Magic:  3/24       EV: 22    Int: 17    God:    Gozag
Gold:   1224       SH:  8    Dex: 14    Spells: 4 memorised, 19 levels left

rFire  + . .     SeeInvis .     k - +6 giant spiked club (elec)
rCold  + . .     Gourm    .     z - +0 robe of Infinity {rPois rCorr Slay+6 Stlth+}
rNeg   . . .     Faith    .     (shield currently unavailable)
rPois  +         Spirit   .     b - +1 hat
rElec  .         Dismiss  .     E - +2 cloak
rCorr  +         Reflect  +     (gloves unavailable)
SustAt .         Harm     .     (boots unavailable)
MR     +....                    c - brooch of Shielding {Reflect SH+8}
Stlth  +++.......               D - ring of protection from fire
                                Q - ring of protection from cold

@: lethally poisoned (-15 -> -26), gold aura, very slightly contaminated,
hasted, very quick, somewhat resistant to hostile enchantments, fairly stealthy
A: unfitting armour, beak, regeneration 1, tough skin 1
a: Potion Petition, Call Merchant, Bribe Branch, Renounce Religion
}: 1/15 runes: decaying


You were on level 4 of the Snake Pit.
You worshipped Gozag.
Gozag was most pleased with you.
You were not hungry.

You visited 6 branches of the dungeon, and saw 32 of its levels.
You also visited: Labyrinth, Bailey and Ice Cave.

You collected 15481 gold pieces.
You spent 2819 gold pieces at shops.
You paid 11438 gold pieces to Gozag.

Inventory:

Hand Weapons
 k - a +6 giant spiked club of electrocution (weapon)
 w - the +8 glaive of the Guard {elec, +Rage AC+5 SInv}
   (You found it in an ice cave)

   Occasionally, upon striking a foe, it will discharge some electrical energy
   and cause terrible harm.
   It affects your AC (+5).
   It lets you see invisible.
   It lets you go berserk.
Missiles
 e - 847 stones
 o - 328 bolts
 s - 1035 arrows
 J - 180 sling bullets
 M - 19 large rocks (quivered)
Armour
 b - a +1 hat (worn)
 z - the +0 robe of Infinity (worn) {rPois rCorr Slay+6 Stlth+}
   (You bought it in a shop on level 2 of the Orcish Mines)

   It affects your accuracy and damage with ranged weapons and melee attacks
   (+6).
   It protects you from poison.
   It protects you from acid and corrosion.
   It makes you more stealthy.
 E - a +2 cloak (worn)
Jewellery
 c - the brooch of Shielding (around neck) {Reflect SH+8}
   (You bought it in a shop in the Ecumenical Temple)

   [amulet of reflection]

   It shields you and reflects attacks.
   It affects your SH (+8).
 D - a ring of protection from fire (right hand)
 Q - a ring of protection from cold (left hand)
Wands
 d - a wand of iceblast (3/15)
 f - a wand of digging (18/24)
 q - a wand of heal wounds (0/9)
 v - a wand of heal wounds (0/9)
 H - a wand of lightning (5/15)
 O - a wand of iceblast (3/15)
Scrolls
 a - 2 scrolls of summoning
 l - 7 scrolls of immolation
 m - 16 scrolls of remove curse
 t - 6 scrolls of recharging
 x - 2 scrolls of fear
 P - 2 scrolls of teleportation
 S - 2 scrolls of magic mapping
 Y - 6 scrolls of fog
Potions
 h - 9 potions of curing
 i - 3 potions of might
 j - a potion of brilliance
 n - 3 potions of lignification
 r - a potion of resistance
 u - a potion of agility
 F - 2 potions of ambrosia
 K - 2 potions of mutation {unknown}
 N - 3 potions of magic
 T - a potion of berserk rage
Comestibles
 g - 15 meat rations
 p - 10 fruits


   Skills:
 * Level 18.9 Fighting
 - Level 24.0 Maces & Flails
 - Level 6.4 Throwing
 - Level 19.0 Dodging
 - Level 1.5 Stealth
 - Level 3.6 Spellcasting
 - Level 0.6 Conjurations
   Level 0.6 Summonings
 - Level 0.6 Translocations


You had 19 spell levels left.
You knew the following spells:

 Your Spells              Type           Power        Failure   Level  Hunger
a - Magic Dart            Conj           #...         14%         1    None
b - Blink                 Tloc           N/A          21%         2    ##.....
c - Repel Missiles        Chrm/Air       #.....       30%         2    ##.....
d - Confusing Touch       Hex            #.....       21%         1    None


Dungeon Overview and Level Annotations

Branches:
Dungeon (15/15)            Temple (1/1) D:6            Lair (6/6) D:8
  Swamp (4/4) Lair:2        Snake (4/4) Lair:4        Slime (0/5) Lair:6
    Orc (2/2) D:9             Elf (0/3) Orc:2        Vaults (0/5) D:13
 Depths (0/5) D:15

Altars:
Ashenzari
Cheibriados
Dithmenos
Elyvilon
Fedhas
Gozag
Hepliaklqana
Kikubaaqudgha
Makhleb
Nemelex Xobeh
Okawaru
Pakellas
Qazlal
Ru
Sif Muna
Trog
Uskayaw
Vehumet
Xom
Yredelemnul
Zin
The Shining One
Beogh
Jiyva

Shops:
D:8 :   D:10 =   D:12 :   D:15 [   Temple %*=!=   Orc:1 [   Orc:2 ?*[(

Portals:
Trove: D:12 (show slimy rune of Zot)

Annotations:
Snake:4 Bai Suzhen


Innate Abilities, Weirdness & Mutations

You are too large for most types of armour.
You have tough skin. (AC +1)
You have a beak for a mouth.
Your natural rate of healing is unusually fast.


Message History

* * * LOW HITPOINT WARNING * * *
You block the eight-headed hydra's attack.
The eight-headed hydra closely misses you.
The eight-headed hydra bites you!
* * * LOW HITPOINT WARNING * * *
The eight-headed hydra bites you!
* * * LOW HITPOINT WARNING * * *
Found a stone staircase leading up.
You hit something but do no damage. You peck something.
You feel sick.
The anaconda is distracted by the nearby gold.
The anaconda hisses angrily.
You bludgeon something!!
You feel sick.
The anaconda is no longer distracted by gold.
You block the black mamba's attack. Something hits you!!
* * * LOW HITPOINT WARNING * * *
Something misses you. The eight-headed hydra bites you.
* * * LOW HITPOINT WARNING * * *
The eight-headed hydra bites you!!
You die...
Your body crumbles into a pile of gold.

#..........
#........#
##........#
###.......S.#
.........$..# .
.........(..#..
.......SN...'...
......SSD...##..
.......@D...# .
...........N#
.............<.
#............#.
##..........##
#...########
####


You could see an eight-headed hydra, a six-headed hydra, an anaconda, a naga
ritualist, 3 black mambas and a naga.

Vanquished Creatures
  the Lernaean hydra (Swamp:4)
  Nikola (Swamp:3)
  Jorgrun (Swamp:3)
  Frances (Swamp:1)
  2 thorn hunters
  3 greater nagas (Snake:3)
  Roxanne (D:14)
  A frost giant (IceCv)
  2 orc warlords (Orc:2)
  Aizul (Swamp:4)
  2 entropy weavers (Lair:5)
  Nessos (Orc:2)
  An ettin (Orc:1)
  Snorg (Orc:1)
  An ogre mage (Orc:1)
  A minotaur (Lab)
  Fannar (Lair:3)
  Erolcha (Orc:1)
  5 vault guards
  The ghost of p0werm0de the Abyss-Baptised, a journeyman FoVM of Lugonu (Orc:2)
  4 naga warriors
  3 anacondas
  4 catoblepae
  A ghost crab (Swamp:4)
  25 hydras
  Erica (Lair:2)
  A death knight (D:12)
  3 centaur warriors
  19 alligators
  11 death yaks (Lair:6)
  2 tengu warriors (D:15)
  A queen ant (Lair:5)
  9 naga sharpshooters
  2 shock serpents (Snake:1)
  5 sea snakes (Snake:3)
  4 skeletal warriors
  A giant orange brain (shapeshifter) (D:15)
  5 unseen horrors
  A spriggan druid (Swamp:3)
  2 naga ritualists
  10 swamp dragons
  2 shambling mangroves (Swamp:2)
  8 hill giants
  A wolf spider zombie (D:14)
  A harpy (D:9)
  4 mana vipers
  4 deep elf magi
  8 ugly things
  A cyclops (shapeshifter) (D:14)
  An oklob plant (Lair:5)
  4 cyclopes
  4 orc sorcerers
  A manticore (shapeshifter) (D:15)
  2 manticores
  8 salamanders
  A griffon (Lair:5)
  27 black mambas
  A centaur zombie (D:14)
  28 elephants
  3 guardian serpents
  14 naga magi
  An ice statue (IceCv)
  3 gargoyles
  20 spiny frogs
  2 rime drakes
  9 komodo dragons
  3 meliai (D:14)
  5 trolls
  17 polar bears
  A meliai (shapeshifter) (D:15)
  4 two-headed ogres
  A queen bee (shapeshifter) (D:15)
  12 giant leeches
  28 blink frogs
  11 slime creatures
  12 bog bodies
  A meliai zombie (D:11)
  2 redbacks (shapeshifter) (D:15)
  2 shadows
  5 water elementals
  6 wraiths
  Eustachio (D:6)
  3 basilisks
  11 spriggans
  4 wyverns
  62 yaks
  28 vampire mosquitoes
  15 hippogriffs
  6 insubstantial wisps (Swamp:3)
  22 swamp worms
  24 nagas
  A steam dragon (D:12)
  3 wargs
  A mottled dragon (D:12)
  25 soldier ants
  2 hell hounds (Lair:3)
  22 water moccasins
  6 porcupines
  41 orc warriors
  5 sky beasts
  A black bear (D:13)
  An ice beast (D:11)
  16 swamp drakes
  21 wasps
  28 ogres
  2 phantoms
  2 necrophages
  An eye of draining (D:11)
  5 boggarts (D:15)
  30 wolves
  16 crocodiles
  18 centaurs
  2 big kobolds
  An elf zombie (D:11)
  30 giant frogs
  An elf skeleton (D:11)
  8 gnoll sergeants (Bailey)
  A wyvern skeleton (D:9)
  9 scorpions
  A troll zombie (D:11)
  4 killer bees (D:10)
  10 wights
  9 electric eels
  7 howler monkeys
  9 crimson imps
  3 quasits
  A giant frog zombie (D:9)
  3 human zombies (D:11)
  10 hounds
  19 jellies
  4 centaur skeletons
  10 gnoll shamans
  30 orc priests
  4 giant frog skeletons
  32 orc wizards
  A human skeleton (D:11)
  Natasha (twice) (D:3)
  10 iguanas
  28 worker ants
  12 sheep
  A hound skeleton (D:7)
  2 mummies (D:11)
  2 worker ant zombies
  35 gnolls
  16 adders
  85 river rats
  4 shadow imps
  12 white imps (D:15)
  An ooze (D:7)
  2 adder zombies
  2 worms
  The ghost of whoyougonnacall the Skirmisher, a weakling FoMo (D:15)
  3 dart slugs
  7 giant geckos
  126 orcs
  3 giant cockroaches
  10 goblins
  10 hobgoblins
  20 jackals
  18 kobolds
  6 quokkas
  3 ball pythons
  6 bats
  A giant gecko skeleton (D:8)
  A giant gecko zombie (D:9)
  5 giant newts
  An orc zombie (D:11)
  5 rats
  2 briar patches (Swamp:4)
  3 fungi (D:14)
  4 plants
1492 creatures vanquished.

Vanquished Creatures (others)
  2 naga sharpshooters
  A wasp (Swamp:3)
  A wolf (IceCv)
  A jelly (D:15)
  2 orc wizards (Orc:1)
  A sheep (Lair:6)
  3 orcs (Orc:2)
  3 briar patches (Swamp:3)
  A bush (Swamp:4)
  43 fungi
  27 plants
85 creatures vanquished.

Grand Total: 1577 creatures vanquished

Notes
Turn   | Place    | Note
-------+----------+-------------------------------------------
     0 | D:1      | Drakanon the Ogre Wizard began the quest for the Orb.
     0 | D:1      | Reached XP level 1. HP: 16/16 MP: 5/5
    71 | D:1      | Reached skill level 1 in Fighting
   197 | D:1      | Reached XP level 2. HP: 18/28 MP: 0/6
   231 | D:1      | Reached skill level 1 in Maces & Flails
   462 | D:1      | Reached skill level 2 in Maces & Flails
   566 | D:1      | Reached XP level 3. HP: 4/35 MP: 2/8
  1178 | D:2      | Found a sacrificial altar of Ru.
  1214 | D:2      | Reached skill level 3 in Maces & Flails
  1692 | D:2      | Found an iron altar of Okawaru.
  2060 | D:2      | Reached skill level 4 in Maces & Flails
  2060 | D:2      | Reached XP level 4. HP: 36/42 MP: 9/9
  2392 | D:3      | Reached skill level 5 in Maces & Flails
  2697 | D:3      | Reached XP level 5. HP: 48/49 MP: 10/10
  2858 | D:3      | Reached skill level 6 in Maces & Flails
  3139 | D:3      | Noticed Natasha
  3145 | D:3      | Killed Natasha
  3187 | D:3      | Noticed Natasha
  3217 | D:3      | Killed Natasha
  3217 | D:3      | Reached skill level 7 in Maces & Flails
  3217 | D:3      | Reached XP level 6. HP: 38/57 MP: 11/11
  3323 | D:3      | Found a faded altar of an unknown god.
  3667 | D:4      | Learned a level 2 spell: Blink
  3862 | D:4      | Reached skill level 8 in Maces & Flails
  4409 | D:4      | Reached skill level 9 in Maces & Flails
  4409 | D:4      | Reached XP level 7. HP: 35/65 MP: 7/12
  4869 | D:5      | Entered Level 5 of the Dungeon
  4922 | D:5      | Reached skill level 10 in Maces & Flails
  5336 | D:5      | Reached skill level 11 in Maces & Flails
  5336 | D:5      | Reached XP level 8. HP: 72/72 MP: 10/13
  6075 | D:6      | Reached skill level 12 in Maces & Flails
  6129 | D:6      | Found a staircase to the Ecumenical Temple.
  6143 | Temple   | Entered the Ecumenical Temple
  6260 | Temple   | Became a worshipper of Gozag Ym Sagoz the Greedy
  6270 | Temple   | Learned a level 2 spell: Repel Missiles
  6272 | Temple   | Learned a level 1 spell: Confusing Touch
  6493 | D:6      | Reached skill level 5 in Fighting
  6495 | D:6      | Noticed Eustachio
  6518 | D:6      | Killed Eustachio
  6518 | D:6      | Reached XP level 9. HP: 42/92 MP: 14/14
  7234 | D:6      | Found a bloodstained altar of Trog.
  7243 | D:6      | Found a deep blue altar of Sif Muna.
  7251 | D:6      | Found a shadowy altar of Dithmenos.
  7950 | D:7      | Found a shattered altar of Ashenzari.
  8051 | D:7      | Reached skill level 10 in Fighting
  8751 | D:8      | Found a bloodstained altar of Trog.
  8769 | D:8      | Reached skill level 13 in Maces & Flails
  8821 | D:8      | Found a staircase to the Lair.
  8823 | D:8      | Noticed a komodo dragon
  8828 | D:8      | Found Poqyocs's Book Shoppe.
  9006 | D:8      | Killed a komodo dragon
  9006 | D:8      | Reached skill level 14 in Maces & Flails
  9006 | D:8      | Reached XP level 10. HP: 60/110 MP: 13/15
 10140 | D:9      | Reached skill level 15 in Maces & Flails
 10661 | D:9      | Reached skill level 16 in Maces & Flails
 11012 | D:9      | Found a staircase to the Orcish Mines.
 11155 | D:9      | Noticed a hill giant
 11177 | D:9      | Killed a hill giant
 11177 | D:9      | Reached skill level 17 in Maces & Flails
 11177 | D:9      | Reached XP level 11. HP: 64/118 MP: 16/16
 11468 | D:9      | Noticed a harpy
 11510 | D:9      | Killed a harpy
 11639 | D:8      | Found a blossoming altar of Fedhas.
 11639 | D:8      | Found a sparkling altar of Nemelex Xobeh.
 12576 | D:10     | Entered Level 10 of the Dungeon
 12626 | D:10     | Reached skill level 18 in Maces & Flails
 13355 | D:10     | Noticed a hill giant
 13364 | D:10     | Killed a hill giant
 13520 | D:10     | Noticed a hill giant
 13532 | D:10     | Killed a hill giant
 13710 | D:10     | Reached skill level 19 in Maces & Flails
 14208 | D:10     | Found Miohisulywn's Jewellery Boutique.
 14247 | D:10     | Noticed a hill giant
 14263 | D:10     | Killed a hill giant
 14647 | Lair:1   | Entered Level 1 of the Lair of Beasts
 15247 | Lair:1   | Found a labyrinth entrance.
 15256 | Lab      | Entered a labyrinth
 15762 | Lab      | Noticed a minotaur
 15770 | Lab      | Killed a minotaur
 15773 | Lab      | Got an ichor-stained halberd {flame}
 15774 | Lab      | Identified the +4 halberd "With Two Names" {flame, rF- Dex+6} (You took it off a minotaur in a labyrinth)
 15968 | Lab      | Identified the Disquisition on Twisted Poison
 15969 | Lab      | Got a faintly glowing hand axe
 15976 | Lab      | Identified the +6 hand axe "Imnoluot" {flame, *Confuse rN+ Str+2 Int+2} (You found it in a labyrinth)
 16005 | Lair:1   | Reached skill level 20 in Maces & Flails
 16336 | Lair:1   | Reached XP level 12. HP: 109/126 MP: 17/17
 16627 | Lair:1   | Got a twisted falchion
 16684 | Lair:1   | Identified the +4 falchion "Guj Iph" {slice, rN+ SInv} (You found it on level 1 of the Lair of Beasts)
 17332 | Lair:2   | Found a staircase to the Swamp.
 19102 | Lair:2   | Noticed Erica
 19403 | Lair:2   | Killed Erica
 19634 | Lair:2   | Reached skill level 21 in Maces & Flails
 20942 | Lair:3   | Noticed a seven-headed hydra
 20976 | Lair:3   | Reached skill level 22 in Maces & Flails
 21167 | Lair:2   | Reached XP level 13. HP: 42/133 MP: 18/18
 21697 | Lair:3   | Noticed Fannar
 22160 | Lair:3   | Killed Fannar
 23525 | Lair:3   | Reached skill level 23 in Maces & Flails
 24654 | Lair:4   | Found a staircase to the Snake Pit.
 25579 | Lair:4   | Reached skill level 24 in Maces & Flails
 25927 | Lair:4   | Reached skill level 5 in Dodging
 26993 | Lair:5   | Reached XP level 14. HP: 116/143 MP: 19/19
 27225 | Lair:5   | Noticed an entropy weaver
 27332 | Lair:5   | Killed an entropy weaver
 27760 | Lair:5   | HP: 5/143 [blink frog (10)]
 28143 | Lair:5   | Noticed an entropy weaver
 28494 | Lair:5   | Killed an entropy weaver
 30361 | Lair:5   | Reached skill level 10 in Dodging
 31490 | Lair:6   | Entered Level 6 of the Lair of Beasts
 31662 | Lair:6   | Found a viscous altar of Jiyva.
 31662 | Lair:6   | Found a staircase to the Slime Pits.
 32620 | Lair:6   | Reached XP level 15. HP: 38/149 MP: 20/20
 34392 | Temple   | Bought 3 fruits for 45 gold pieces
 34550 | Temple   | Bought 3 fruits for 45 gold pieces
 34553 | Temple   | Bought 2 fruits for 30 gold pieces
 34553 | Temple   | Bought a meat ration for 50 gold pieces
 34553 | Temple   | Bought a meat ration for 50 gold pieces
 34553 | Temple   | Bought a meat ration for 50 gold pieces
 34553 | Temple   | Bought a meat ration for 50 gold pieces
 34553 | Temple   | Bought a meat ration for 50 gold pieces
 34553 | Temple   | Bought a meat ration for 50 gold pieces
 34719 | Temple   | Bought the brooch of Shielding {Reflect SH+8} for 448 gold pieces
 34719 | Temple   | Bought the ring "Xenijops" {Wiz rPois rF- Str+4} for 596 gold pieces
 34885 | Orc:1    | Entered Level 1 of the Orcish Mines
 34961 | Orc:1    | Found Beazann's Armour Shop.
 35011 | Orc:1    | Noticed Snorg
 35033 | Orc:1    | Killed Snorg
 35662 | Orc:2    | Entered Level 2 of the Orcish Mines
 35692 | Orc:1    | Noticed Erolcha
 36093 | Orc:1    | Paralysed by Erolcha for 2 turns
 36097 | Orc:1    | Killed Erolcha
 36328 | Orc:2    | Found a roughly hewn altar of Beogh.
 36339 | Orc:2    | Noticed Nessos
 36356 | Orc:2    | Killed Nessos
 36552 | Orc:2    | Noticed p0werm0de's ghost (journeyman FoVM)
 36561 | Orc:2    | Killed p0werm0de's ghost
 36615 | Orc:2    | Noticed an orc warlord
 36902 | Orc:2    | Killed an orc warlord
 37200 | Orc:2    | Found a roughly hewn altar of Beogh.
 37354 | Orc:2    | Found Dafid's Antique Armour Shop.
 37363 | Orc:2    | Found a roughly hewn altar of Beogh.
 37396 | Orc:2    | Found Juipti's Antique Weapon Boutique.
 37457 | Orc:2    | Found a staircase to the Elven Halls.
 37607 | Orc:2    | Found a roughly hewn altar of Beogh.
 37639 | Orc:2    | Found Barearr's Magic Scroll Shoppe.
 37644 | Orc:2    | Bought a scroll of blinking for 105 gold pieces
 37644 | Orc:2    | Bought a scroll of identify for 28 gold pieces
 37644 | Orc:2    | Bought a scroll of recharging for 133 gold pieces
 37644 | Orc:2    | Bought 2 scrolls of recharging for 266 gold pieces
 37667 | Orc:2    | Found a roughly hewn altar of Beogh.
 37711 | Orc:2    | Noticed an orc warlord
 38055 | Orc:2    | Killed an orc warlord
 38356 | Orc:2    | Found a roughly hewn altar of Beogh.
 38384 | Orc:2    | Found a roughly hewn altar of Beogh.
 38394 | Orc:2    | Found Aschiuxeu's Assorted Antiques.
 38419 | Orc:2    | Bought a scroll of identify for 56 gold pieces
 38419 | Orc:2    | Bought a scroll of identify for 56 gold pieces
 38419 | Orc:2    | Bought a glowing sapphire potion for 25 gold pieces
 38419 | Orc:2    | Bought a wooden wand for 112 gold pieces
 38570 | Orc:2    | Found a roughly hewn altar of Beogh.
 38838 | Orc:2    | Bought a wizard robe for 136 gold pieces
 38848 | Orc:2    | Identified the cursed +0 robe of Infinity {rPois rCorr Slay+6 Stlth+} (You bought it in a shop on level 2 of the Orcish Mines)
 39117 | Temple   | Gained mutation: Your natural rate of healing is unusually fast. [potion of beneficial mutation]
 39976 | D:11     | Found an ancient bone altar of Kikubaaqudgha.
 40619 | D:12     | Found Lifac's Book Shop.
 40710 | D:12     | Found a portal to a secret trove of treasure.
 41049 | D:12     | Found a flagged portal.
 41057 | Bailey   | Entered a bailey
 41453 | Bailey   | Got a wavering glass ring
 41455 | Bailey   | Identified the ring "Ediap" {SustAt rF+++ Slay-4 Stlth+} (You found it in a bailey)
 41742 | D:12     | Reached XP level 16. HP: 149/162 MP: 21/21
 42106 | D:12     | Reached skill level 15 in Dodging
 42346 | D:12     | Got a twisted bardiche
 42347 | D:12     | Identified the +9 bardiche of Nizeik {elec, SInv} (You found it on level 12 of the Dungeon)
 42846 | D:13     | Found a gate to the Vaults.
 42929 | D:13     | Identified a scroll of acquirement
 43344 | D:14     | Noticed Roxanne
 43406 | D:14     | Killed Roxanne
 44212 | D:14     | Found a sparkling altar of Nemelex Xobeh.
 44845 | Temple   | Gained mutation: You have a beak for a mouth. [potion of beneficial mutation]
 44963 | Temple   | Bought a potion of curing for 33 gold pieces
 44963 | Temple   | Bought a potion of might for 44 gold pieces
 44963 | Temple   | Bought a potion of heal wounds for 55 gold pieces
 45117 | D:15     | Entered Level 15 of the Dungeon
 45294 | D:15     | Found a frozen archway.
 45374 | IceCv    | Entered an ice cave
 46217 | D:15     | Found Boxupueq's Antique Armour Shop.
 46455 | D:15     | Noticed whoyougonnacall's ghost (weakling FoMo)
 46473 | D:15     | Killed whoyougonnacall's ghost
 46487 | D:15     | Bought an embroidered cloak for 153 gold pieces
 47084 | D:15     | Found a staircase to the Depths.
 47429 | D:15     | Reached XP level 17. HP: 137/170 MP: 22/22
 48470 | Swamp:1  | Entered Level 1 of the Swamp
 49048 | Swamp:1  | Noticed Frances
 49055 | Swamp:1  | Killed Frances
 50945 | Swamp:3  | HP: 6/170 [spiny frog (11)]
 51345 | Swamp:3  | Noticed Nikola
 51357 | Swamp:3  | Killed Nikola
 51538 | Swamp:3  | Noticed Jorgrun
 51554 | Swamp:3  | Killed Jorgrun
 52562 | Swamp:4  | Entered Level 4 of the Swamp
 52889 | Swamp:4  | Noticed Aizul
 52898 | Swamp:4  | Killed Aizul
 52899 | Swamp:4  | Reached XP level 18. HP: 146/185 MP: 23/23
 53474 | Swamp:4  | Noticed the 27-headed Lernaean hydra
 53700 | Swamp:4  | Reached skill level 1 in Throwing
 54090 | Swamp:4  | Killed the 27-headed Lernaean hydra
 54090 | Swamp:4  | Reached skill level 5 in Throwing
 54438 | Swamp:4  | Got a decaying rune of Zot
 55311 | Temple   | Bought a silken robe for 153 gold pieces
 55322 | Temple   | Identified the cursed +0 robe "Joifyej" {rPois Regen+ Dex+5 Stlth+} (You bought it in a shop in the Ecumenical Temple)
 55568 | Snake:1  | Entered Level 1 of the Snake Pit
 55577 | Snake:1  | Reached skill level 15 in Fighting
 57793 | Snake:3  | Reached XP level 19. HP: 140/209 MP: 24/24
 59129 | Snake:4  | Entered Level 4 of the Snake Pit
 59502 | Snake:4  | Noticed Bai Suzhen
 59513 | Snake:4  | HP: 5/214 [something (25)]
 59513 | Snake:4  | Demolished by an eight-headed hydra

Vault maps used:
D:1:      lightli_arrival_lavapool, minmay_split_cup_large
D:2:      nicolae_ru_sacrificial_ziggurat, okawaru_ov_weapons_minmay
D:3:      ecumenical_altar_2, uniq_natasha
D:4:      first_bread
D:6:      minmay_overflow_temple_star_quad, uniq_eustachio
D:7:      marbit_many_paths
D:8:      nicolae_overflow_hidden_temple, david_lair_shrubbed, serial_shops,
          shop, the_bakery, minmay_door_square, bloody_trog
D:9:      minmay_quarter_circles, orc_0_dummy, minivault_25, lemuel_jelly_drop
D:10:     serial_shops, shop_statue
D:11:     lemuel_mausoleum_altar_kikubaaqudgha
D:12:     enter_trove_5, enter_bailey_7, serial_shops, kennysheep_mini_moat,
          kennysheep_potato
D:13:     lightli_vaults_fourway_checkpoint, minmay_holes, grunt_ministairs_15
D:14:     kennysheep_seaside_town, basic_altar, nrook_mini_backslash,
          uniq_roxanne
D:15:     gammafunk_enter_depths_forms, serial_shops, shop, hex_tiny,
          portal_ice_cave_entry_imps, nicolae_two_hexagons
Temple:   regret_index_temple_waves
Lair:1:   lab_entry_generic, wad_woods_river_01
Lair:2:   minmay_swamp_entry_worms, lemuel_another_geyser, grunt_megastairs_3,
          uniq_erica
Lair:3:   enter_volcano_3, uniq_fannar
Lair:4:   minmay_snake_entry_six_corridors, serial_bayou_shore_b
Lair:5:   minivault_29, infiniplex_staircase_pool
Lair:6:   evilmike_catoblepas_cave, slime_altar_1, columned_hall_lemuel,
          guppyfry_lair_drakes, grunt_megastairs_5
Swamp:1:  evilmike_swamp_ruin_house_2, uniq_frances
Swamp:2:  hangedman_swamp_ruin_hall
Swamp:3:  evilmike_swamp_ruin_house_1, swamp_pool1, infiniplex_staircase_pool_2,
          uniq_nikola, uniq_jorgrun
Swamp:4:  grunt_swamp_rune_castle, uniq_aizul
Snake:3:  nicolae_snake_round_shape_thing, st_stairs_5, serial_bayou_lagoon_b,
          lemuel_fruit_tree
Snake:4:  grunt_snake_rune_pools, spider_trap, nicolae_snake_horde_hoard,
          uniq_bai_suzhen
Orc:1:    serial_shops, nicolae_shop_stone, uniq_erolcha, uniq_snorg
Orc:2:    grunt_orc_community_town_hall, grunt_orc_community_big_house_2,
          grunt_orc_community_big_house_2, grunt_orc_community_house_1,
          grunt_orc_community_house_2, grunt_orc_community_house_3,
          grunt_orc_community_house_3, grunt_orc_community_house_2, basic_altar,
          mines1_david, uniq_nessos
Lab:      labyrinth_mini_lab, lab_hedge
Bailey:   bailey_polearm_gnolls_kennysheep, bailey
IceCv:    ice_cave_small_giant

Skill      XL: |  1  2  3  4  5  6  7  8  9 10 11 12 13 14 15 16 17 18 19 |
---------------+----------------------------------------------------------+-----
Fighting       | 2 6 10 11 13 17 18 | 18.9
Maces & Flails | 2 4 5 7 9 11 12 14 17 20 22 24 | 24.0
Dodging        | 4 6 12 14 17 19 | 19.0
Throwing       | 6 |  6.4
Stealth        | |  1.5
Spellcasting   | |  3.6
Conjurations   | |  0.6
Summonings     | |  0.6
Translocations | |  0.6

Action                   |  1- 3 |  4- 6 |  7- 9 | 10-12 | 13-15 | 16-18 | 19-21 || total
-------------------------+-------+-------+-------+-------+-------+-------+-------++-------
Melee: Unarmed           |     4 |       |       |       |       |       |       ||     4
       Club              |   109 |       |       |       |       |       |       ||   109
       Mace              |    15 |    65 |       |       |       |       |       ||    80
       Whip              |       |   130 |   366 |   638 |       |       |       ||  1134
       Halberd           |       |       |       |    75 |       |       |       ||    75
       Giant spiked club |       |       |       |   243 |  1603 |  1304 |   136 ||  3286
       Peck              |       |       |       |       |       |   163 |    28 ||   191
Throw: Large rock        |       |       |       |       |       |    18 |     5 ||    23
 Cast: Magic Dart        |    72 |    16 |    26 |     6 |    34 |       |       ||   154
       Confusing Touch   |       |       |     1 |       |       |       |       ||     1
       Blink             |       |       |       |     3 |     2 |     1 |     1 ||     7
Invok: Potion Petition   |       |       |       |     6 |     5 |     5 |     1 ||    17
       Call Merchant     |       |       |       |       |     2 |     3 |       ||     5
Evoke: Wand              |       |       |       |    10 |    14 |     2 |     7 ||    33
  Use: Scroll            |       |     9 |     5 |    10 |    16 |    21 |     2 ||    63
       Potion            |       |       |       |    19 |     9 |    11 |       ||    39
 Stab: Sleeping          |       |     2 |     4 |     3 |    10 |     9 |       ||    28
       Confused          |       |       |       |    10 |       |       |       ||    10
       Distracted        |       |       |       |     9 |    13 |    10 |       ||    32
       Invisible         |       |       |       |     4 |     5 |       |       ||     9
       Petrified         |       |       |       |       |     1 |       |       ||     1
       Petrifying        |       |       |       |       |     1 |       |       ||     1
  Eat: Chunk             |     3 |     8 |     6 |       |       |       |       ||    17
       Bread ration      |       |       |     2 |     9 |     5 |     6 |     1 ||    23
       Fruit             |       |       |       |     3 |    11 |     3 |     4 ||    21
       Meat ration       |       |       |       |       |     7 |     5 |       ||    12
       Royal jelly       |       |       |       |       |     1 |       |       ||     1
       Beef jerky        |       |       |       |       |       |     2 |       ||     2
Armor: Robe              |    68 |    44 |    68 |   120 |   237 |   122 |     7 ||   666
Dodge: Dodged            |   101 |   106 |   131 |   487 |  1002 |   873 |   121 ||  2821
Block: Other             |       |       |       |       |   237 |   392 |    68 ||   697
       Reflection        |       |       |       |       |    17 |    12 |    14 ||    43
